Map: Pillars of Gold LE

Players

Serral - Winner!

  • Race: Zerg Zerg
  • Spawn Location: 1:00

INnoVation

  • Race: Terran Terran
  • Spawn Location: 7:00

Event: StayAtHomestory Cup #2

VOD

Have the link to the VOD?

Description

Time

  • Played on: June 13, 2020, 7:22 a.m.
  • Length: 9:01

All games in this series

Show
View Real Time Build Order
Export as new Build Order

Serral Zerg - Winner!

Build Orders: Hatch First, Muta Ling Bane 

Get SALT Encoding   

  12  0:00  Drone  
  13  0:12  Overlord  
  13  0:17  Drone  
  14  0:31  Drone x2  
  16  0:49  Hatchery  
  15  0:52  Drone  
  15  0:56  Drone  
  17  1:00  Drone  
  18  1:14  Spawning Pool  
  18  1:18  Drone  
  18  1:21  Drone  
  19  1:32  Drone  
  20  2:02  Queen x2  
  20  2:03  Zergling x6  
  20  2:04  Zergling x2  
  27  2:13  Zergling x2  
  27  2:15  Overlord  
  26  2:34  Drone x2  
  26  2:35  Drone  
  26  2:36  Drone  
  29  2:42  Extractor  
  27  2:44  Zergling x2  
  27  2:47  Zergling x2  
  29  2:53  Queen  
  32  3:01  Overlord  
  31  3:06  Drone  
  31  3:09  Drone  
  33  3:13  Drone x3  
  36  3:21  Drone x2  
  36  3:22  Drone x2  
  40  3:27  Overlord  
  40  3:43  Hatchery  
  40  3:47  Metabolic Boost  
  40  3:48  Drone x2  
  41  3:54  Queen  
  43  3:57  Drone  
  43  3:59  Drone  
  43  4:01  Drone  
  46  4:05  Drone x2  
  46  4:06  Drone  
  49  4:10  Overlord  
  49  4:14  Overlord  
  49  4:17  Zergling x2  
  49  4:18  Zergling x2  
  49  4:22  Overlord  
  49  4:23  Extractor  
  50  4:26  Drone  
  50  4:27  Drone  
  50  4:29  Overlord  
  50  4:31  Drone  
  52  4:35  Queen  
  52  4:37  Drone  
  55  4:38  Drone  
  55  4:41  Drone  
  57  4:47  Lair  
  57  4:51  Zergling x6  
  57  4:52  Drone  
  61  4:54  Extractor  
  61  4:59  Baneling Nest  
  59  5:02  Queen  
  59  5:04  Drone  
  59  5:05  Drone x2  
  64  5:13  Zergling x4  
  66  5:15  Overlord  
  66  5:16  Drone x2  
  66  5:18  Drone  
  69  5:22  Drone x2  
  69  5:26  Drone x2  
  73  5:31  Drone x3  
  76  5:36  Queen, Zergling x2  
  76  5:42  Drone x3  
  82  5:46  Extractor, Baneling  
  82  5:47  Baneling, Spire  
  80  5:52  Overseer  
  80  5:53  Drone  
  80  5:55  Spore Crawler  
  82  5:59  Spore Crawler x2  
  82  6:00  Drone  
  82  6:02  Extractor  
  82  6:03  Extractor, Drone  
  80  6:05  Drone  
  80  6:08  Drone x2  
  80  6:10  Drone x2  
  85  6:13  Drone  
  85  6:14  Drone x2  
  85  6:15  Drone  
  85  6:16  Drone  
  88  6:19  Drone x2  
  88  6:22  Drone  
  88  6:23  Overlord  
  88  6:24  Overlord  
  91  6:41  Overlord  
  91  6:43  Drone x2  
  91  6:44  Overlord, Hatchery  
  91  6:46  Overlord  
  92  6:49  Overlord  
  92  6:58  Mutalisk x6  
  92  6:59  Mutalisk  
  106  7:01  Mutalisk  
  106  7:05  Centrifical Hooks  
  108  7:11  Evolution Chamber, Zergling x4  
  108  7:12  Evolution Chamber  
  108  7:14  Zergling x4  
  108  7:15  Zergling x2  
  111  7:17  Baneling x3  
  111  7:18  Baneling x3  
  111  7:19  Zergling x2  
  111  7:22  Zergling x6  
  115  7:27  Zergling x10  
  120  7:31  Overlord  
  120  7:33  Baneling x2  
  120  7:37  Zergling x6  
  123  7:47  Zergling x8  
  123  7:51  Baneling x4  
  125  8:01  Zergling x10  
  119  8:09  Zergling x8  
  115  8:17  Zergling x18  
  123  8:22  Queen  
  125  8:31  Zergling x14  
  125  8:33  Baneling  
  125  8:34  Baneling x4  
  130  8:40  Zergling x6  
Show
View Real Time Build Order
Export as new Build Order

INnoVation Terran 

Build Orders:  

Get SALT Encoding   

  12  0:00  SCV  
  13  0:13  SCV  
  14  0:18  Supply Depot  
  14  0:25  SCV  
  15  0:40  Barracks  
  15  0:51  Barracks  
  15  0:55  SCV  
  16  1:02  Refinery  
  16  1:07  SCV  
  17  1:20  SCV  
  18  1:27  Marine  
  18  1:32  Orbital Command  
  19  1:37  Marine  
  20  1:44  Marine  
  21  1:48  Supply Depot  
  21  1:55  Marine  
  21  2:02  SCV, Marine  
  23  2:13  Marine  
  23  2:14  Bunker  
  23  2:15  SCV  
  25  2:20  Marine  
  26  2:25  Factory  
  26  2:35  Marine  
  26  2:36  SCV  
  25  2:38  Marine  
  25  2:48  SCV  
  25  3:00  SCV  
  26  3:09  Command Center  
  26  3:13  SCV  
  26  3:14  Factory Reactor, Supply Depot  
  27  3:21  Starport  
  27  3:25  SCV  
  28  3:37  SCV  
  29  3:50  SCV  
  29  3:52  Hellion x2  
  34  3:58  Medivac  
  37  4:02  SCV  
  37  4:10  Command Center  
  37  4:21  Orbital Command  
  37  4:22  SCV  
  38  4:26  Hellion  
  38  4:29  Hellion  
  42  4:32  Starport Tech Lab  
  42  4:36  Refinery  
  42  4:37  SCV  
  43  4:49  SCV x2  
  43  4:51  Banshee  
  48  4:56  Barracks Tech Lab  
  48  4:57  Supply Depot  
  48  5:02  SCV  
  48  5:03  SCV  
  50  5:08  Hellion x2  
  54  5:17  Stimpack  
  54  5:19  SCV x2  
  56  5:23  Orbital Command  
  56  5:31  SCV x2  
  56  5:32  Barracks Reactor  
  58  5:37  Factory Reactor  
  58  5:47  SCV x2  
  58  5:49  Refinery  
  60  5:50  Engineering Bay  
  60  5:51  Engineering Bay  
  60  5:54  Barracks, SCV  
  60  5:56  Starport Reactor  
  61  5:57  Refinery  
  61  5:59  SCV x2  
  63  6:07  Supply Depot  
  63  6:11  SCV  
  63  6:12  SCV x2  
  63  6:15  Marine x3  
  69  6:19  Terran Infantry Armor Level 1, Terran Infantry Weapons Level 1  
  69  6:21  Barracks  
  69  6:25  SCV x2  
  71  6:28  Barracks  
  71  6:34  Siege Tank, Marine x2  
  71  6:35  Marine  
  77  6:40  SCV x2  
  77  6:44  Supply Depot  
  77  6:46  Supply Depot  
  77  6:47  Orbital Command  
  79  6:52  SCV x2  
  79  6:53  Medivac x2  
  82  6:56  Marine  
  82  6:57  Marine x2  
  82  6:59  Combat Shield  
  85  7:05  Marine  
  85  7:06  Supply Depot  
  86  7:09  Barracks Reactor  
  86  7:12  SCV  
  86  7:13  SCV x2  
  89  7:16  Marine x2, Barracks Reactor  
  89  7:18  Marine x2  
  93  7:23  Marine  
  93  7:25  Supply Depot  
  93  7:28  Armory  
  92  7:30  SCV x2  
  92  7:31  SCV  
  92  7:34  Siege Tank  
  98  7:39  Marine  
  98  7:40  Marine x2, Supply Depot  
  98  7:42  Marine  
  102  7:46  SCV x2  
  102  7:47  SCV  
  101  8:04  Marine  
  101  8:05  Marine x8  
  98  8:10  SCV x3  
  73  8:21  Siege Tank  
  73  8:22  Marine  
  73  8:23  SCV  
  73  8:24  SCV  
  76  8:28  Marine  
  75  8:34  Marine x2  
  75  8:35  Marine x4  
  79  8:42  Marine  
  79  8:43  Marine  
Tags
 
Add a new tag
Caveats
  • Supply blocks, unpowered buildings, or Contaminate may cause inaccurate times.
  • Supply counts are checked every 10 seconds.